 Dungeon Crawl Stone Soup version 0.24-a0-584-g9d6b971ae4 (webtiles) character file.

Game seed: 7834633511283057182, levelgen mode: deterministic

45 Flugkiller the Cutter (level 3, -4/22 HPs)
             Began as a Deep Elf Fighter on Sept 2, 2019.
             Slain by Natasha (8 damage)
             ... on level 2 of the Dungeon.
             The game lasted 00:02:33 (1155 turns).

Flugkiller the Cutter (Deep Elf Fighter)            Turns: 1155, Time: 00:02:34

Health: -4/22      AC:  6    Str: 18    XL:     3   Next: 42%
Magic:  5/5        EV:  6    Int: 12    God:
Gold:   70         SH:  9    Dex: 15    Spells: 2/2 levels left

rFire    . . .     SeeInvis .   a - +0 rapier
rCold    . . .     Gourm    .   c - +0 shield
rNeg     . . .     Faith    .   b - +0 scale mail
rPois    .         Spirit   .   (no helmet)
rElec    .         Reflect  .   (no cloak)
rCorr    .         Harm     .   (no gloves)
MR       .....                  (no boots)
Stlth    ..........             (no amulet)
HPRegen  0.07/turn              (no ring)
MPRegen  0.09/turn              (no ring)

@: mighty, slowed, very slow
A: no striking features
a: no special abilities


You were on level 2 of the Dungeon.
You were not hungry.

You visited 1 branch of the dungeon, and saw 2 of its levels.

You collected 70 gold pieces.

Inventory:

Hand Weapons
 a - a +0 rapier (weapon)
 m - a +0 hunting sling
   (You took it off a goblin on level 2 of the Dungeon)
Missiles
 h - 2 boomerangs (quivered)
 l - 20 arrows
Armour
 b - a +0 scale mail (worn)
 c - a +0 shield (worn)
Scrolls
 i - a scroll of fear {unknown}
 j - a scroll of teleportation {unknown}
 k - a scroll of identify {unknown}
Comestibles
 f - 4 rations
 g - 5 chunks of flesh


   Skills:
 - Level 2.4 Fighting
 + Level 3.9 Short Blades
 - Level 2.4 Armour
 - Level 2.4 Shields


You had 2 spell levels left.
You didn't know any spells.
Your spell library was empty.

Dungeon Overview and Level Annotations

Branches:
Dungeon (2/15)

Altars:
The Shining One

Annotations:
D:2 Natasha


Message History

Natasha casts a spell at you. The magic dart hits you!
You aren't carrying any items that you can evoke.
Okay, then.
Unknown command.
It was a potion of curing.
You feel better.
Unknown command.
Unknown command.
Natasha claws you.
Unknown command.
You miss Natasha. You block Natasha's attack.
Unknown command.
You hit Natasha.
Natasha is lightly wounded.
Natasha barely misses you.
Unknown command.
You barely miss Natasha.
Natasha is lightly wounded.
Natasha claws you!
* * * LOW HITPOINT WARNING * * *
You feel better. You block Natasha's attack.
Unknown command.
You feel very mighty all of a sudden. Natasha claws you.
Unknown command.
You barely miss Natasha.
Natasha is lightly wounded.
You block Natasha's attack.
You closely miss Natasha.
Natasha is lightly wounded.
Natasha claws you but does no damage.
You closely miss Natasha.
Natasha stares at you and mumbles some strange words.
You feel yourself slow down.
Your shield and scale mail prevent you from hitting Natasha.
Natasha closely misses you. Natasha casts a spell at you.
The magic dart hits you!
* * * LOW HITPOINT WARNING * * *
You closely miss Natasha. You block Natasha's attack.
Unknown command.
You closely miss Natasha. You block Natasha's attack.
Natasha completely misses you.
Unknown command.
You completely miss Natasha. Natasha barely misses you. Natasha claws you.
* * * LOW HITPOINT WARNING * * *
You puncture Natasha!
Natasha is heavily wounded.
Natasha claws you!
You die...

###.......'h...$K
##......####....h.
#.......# .....
#.....#.# ....
#.....#.# ...
##......# +#
##.##### #h# #@#
######### #.#
#.......
#.###.##..##
#.##..#....## ..
#.......PP..#..#
####...P≈≈P.#..#
##..#..PP......
#..##'........#
#.##_##..⌠..#.


You could see Natasha.

Vanquished Creatures
  3 dart slugs
  A leopard gecko (D:1)
  2 giant cockroaches (D:1)
  5 hobgoblins (D:1)
  3 jackals (D:2)
  3 kobolds (D:1)
  7 bats
  2 frilled lizards (D:1)
  5 goblins
  4 rats
35 creatures vanquished.

Notes
Turn   | Place    | Note
-------+----------+-------------------------------------------
     0 | D:1      | Flugkiller the Deep Elf Fighter began the quest for the
                  | Orb.
     0 | D:1      | Reached XP level 1. HP: 13/13 MP: 3/3
   288 | D:1      | Reached XP level 2. HP: 17/18 MP: 4/4
   332 | D:1      | Reached skill level 3 in Short Blades
   742 | D:1      | Reached XP level 3. HP: 22/22 MP: 5/5
  1095 | D:2      | Found a glowing golden altar of the Shining One.
  1126 | D:2      | Noticed Natasha
  1155 | D:2      | Slain by Natasha

Levels and vault maps discovered:
D:1:      psy_arrival_fountain, layout_basic
D:2:      layout_loops_corners, regret_index_temple_of_mockery,
          tso_oasis_becter, uniq_natasha

Skill      XL: |  1  2 |
---------------+-------+-----
Short Blades   | 3 |  3.9
Fighting       | |  2.4
Armour         | |  2.4
Shields        | |  2.4

Action                   || total
-------------------------++-------
Melee: Rapier            ||   137
  Use: Potion            ||     3
  Eat: Chunk             ||     1
Armor: Scale mail        ||    72
Dodge: Dodged            ||    37
Block: Shield            ||    73

Table legend:
 A = Non-vault XP
 B = Vault XP
 C = Vault XP percentage of total XP
 D = Non-vault monster count
 E = Vault monster count
 F = Vault count percentage of total count
                 A         B        C        D         E       F
            +---------+---------+-------+---------+---------+-------
      Total |      65 |       0 |   0.0 |      35 |       0 |   0.0
            +---------+---------+-------+---------+---------+-------
        D:1 |      49 |       0 |   0.0 |      27 |       0 |   0.0
        D:2 |      16 |       0 |   0.0 |       8 |       0 |   0.0
            +---------+---------+-------+---------+---------+-------
